 Dungeon Crawl Stone Soup version 0.29-a0-422-gafbd6decc1 (webtiles) character file.

Game seed: 4782345017745814759

19 xian the Vexing (level 2, -1/18 HPs)
             Began as an Octopode Arcane Marksman on May 18, 2022.
             Slain by an adder (3 damage)
             ... on level 2 of the Dungeon.
             The game lasted 00:02:26 (1442 turns).

xian the Vexing (Octopode Arcane Marksman)          Turns: 1442, Time: 00:02:26

Health: -1/18      AC:  1    Str:  9    XL:     2   Next: 75%
Magic:  3/3        EV: 13    Int: 15    God:
Gold:   76         SH:  0    Dex: 12    Spells: 2/3 levels left

rFire   . . .      SeeInvis .   a - +0 hunting sling
rCold   . . .      Faith    .   (no shield)
rNeg    . . .      Spirit   .   (helmet restricted)
rPois   .          Reflect  .   (no amulet)
rElec   .          Harm     .   (no ring)
rCorr   .          Rampage  .   (no ring)
Will    .....                   (no ring)
Stlth   ++........              (no ring)
HPRegen 0.06/turn               (no ring)
MPRegen 0.08/turn               (no ring)
                                (no ring)
                                (no ring)

@: lethally poisoned (-1 -> -8)
A: almost no armour, amphibious, 8 rings, camouflage 1, gelatinous body 1,
(nimble swimmer 1), tentacles
a: no special abilities


You were on level 2 of the Dungeon.
You visited 1 branch of the dungeon, and saw 2 of its levels.

You collected 76 gold pieces.

Inventory:

Hand Weapons
 a - a +0 hunting sling (weapon)
Missiles
 d - 6 atropa-tipped darts
Scrolls
 b - a scroll of vulnerability
 c - a scroll of teleportation {unknown}
 e - a scroll of amnesia {unknown}
 f - a scroll of brand weapon {unknown}
 g - a scroll of noise {unknown}
 h - a scroll of identify {unknown}
Potions
 i - a potion of berserk rage {unknown}


   Skills:
 + Level 1.0 Fighting
 + Level 2.8 Slings
 + Level 2.1 Dodging
 + Level 0.2 Stealth
 + Level 1.0 Spellcasting
 + Level 3.1 Hexes


You had 2 spell levels left.
You knew the following spells:

 Your Spells              Type           Power      Damage    Failure   Level
a - Slow                  Hex            40%        N/A       7%          1

Your spell library contained the following spells:

 Spells                   Type           Power      Damage    Failure   Level
 Inner Flame              Hex/Fire       5%         N/A       36%         3
 Portal Projectile        Hex/Tloc       10%        N/A       36%         3
 Cause Fear               Hex            5%         N/A       54%         4
 Gell's Gravitas          Tloc           0%         N/A       58%         3
 Lesser Beckoning         Tloc           0%         N/A       58%         3
 Teleport Other           Tloc           0%         N/A       58%         3


Dungeon Overview and Level Annotations

Branches:
Dungeon (2/15)

Altars:

Shops:
D:1 (


Innate Abilities, Weirdness & Mutations

You cannot wear most types of armour.
You are amphibious.
You can wear up to eight rings at the same time.
Your skin changes colour to match your surroundings (Stealth+).
Your rubbery body absorbs attacks. (AC +1, EV +1)
((You are camouflaged when in or above water. (Stealth+)))
You have tentacles for arms and can constrict up to eight enemies at once.


Message History

Found a hunting sling.
Found a stone staircase leading up.
There is a stone staircase leading up here.
An adder and a giant cockroach come into view.
You shoot a sling bullet. The sling bullet hits the adder.
The adder hisses angrily.
The adder is lightly wounded.
You shoot a sling bullet.
The sling bullet barely misses the adder.
The adder bites you.
You shoot a sling bullet. The sling bullet hits the adder.
The adder is moderately wounded.
The adder misses you.
You shoot a sling bullet.
The sling bullet closely misses the adder.
The sling bullet hits the giant cockroach but does no damage.
The adder bites you.
You are poisoned.
The adder poisons you! The adder misses you.
You shoot a sling bullet. The sling bullet misses the adder.
You feel very sick. The giant cockroach misses you. The adder bites you.
You are lethally poisoned!
The adder poisons you! The giant cockroach barely misses you.
The adder bites you.
You are too injured to fight recklessly!
You are too injured to fight recklessly!
You are too injured to fight recklessly!
You are too injured to fight recklessly!
Unknown command.
Fire: a) +0 hunting sling
Press: ? - help, Q - select action, (/) - cycle Shift-Dir - straight line, f/p - adder
Aim: an adder (moderately wounded, 32% to hit)
You shoot a sling bullet. The sling bullet hits the adder!
The adder is almost dead.
* * * LOW HITPOINT WARNING * * *
You feel very sick. The giant cockroach bites you.
* * * LOW HITPOINT WARNING * * *
The adder bites you.
You die...

. .# .. ####.
.<.. ##..
#...######...
#.@<.......
......BS####...#
..)...... .
...###.... ##
#..... #......
#.......
#........


You could see an adder and a giant cockroach.

Vanquished Creatures
  2 dart slugs (D:1)
  A hobgoblin (D:1)
  2 bats (D:1)
  4 goblins (D:1)
  3 kobolds (D:1)
  5 rats (D:1)
17 creatures vanquished.

Vanquished Creatures (others)
  A plant (D:1)
1 creature vanquished.

Grand Total: 18 creatures vanquished

Notes
Turn   | Place    | Note
-------+----------+-------------------------------------------
     0 | D:1      | xian the Octopode Arcane Marksman began the quest for the
                  | Orb.
     0 | D:1      | Reached XP level 1. HP: 13/13 MP: 2/2
   200 | D:1      | Reached XP level 2. HP: 9/18 MP: 3/3
   339 | D:1      | Found a faded altar of an unknown god.
   523 | D:1      | Found Fuegrusch's Antique Weapon Emporium.
  1442 | D:2      | Slain by an adder

Illustrated notes

Levels and vault maps discovered:
D:1:      kilobyte_arrival_exit_the_forest, layout_loops_ring, serial_shops,
          shop, ebering_ecumenical_altar_abandoned, serial_forest,
          infiniplex_forest_end_2, infiniplex_forest_fountain,
          infiniplex_forest_clump_double, infiniplex_forest_end_1,
          infiniplex_forest_clump_double, infiniplex_forest_clump_tiny,
          infiniplex_forest_lined_room_2
D:2:      layout_rooms, serial_shops, shop_statue, serial_park_tiny_pond,
          uniq_crazy_yiuf_cottage, uniq_natasha

Action                   || total
-------------------------++-------
 Fire: Hunting sling     ||    58
Armor: Skin              ||     1
Dodge: Dodged            ||    13

Table legend: (Time is in decaauts)
 A = Elapsed time spent in this place.
 B = Non-inter-level travel time spent in this place.
 C = Inter-level travel time spent in this place.
 D = Time resting spent in this place.
 E = Time spent auto-exploring this place.
 F = Levels seen in this place.
 G = Mean time per level.
                   A        B        C        D        E       F      G
               +--------+--------+--------+--------+--------+-----+--------+
         Total |   1462 |   1453 |      9 |    200 |   1113 |   2 |  731.0 |
       Dungeon |   1462 |   1453 |      9 |    200 |   1113 |   2 |  731.0 |
               +--------+--------+--------+--------+--------+-----+--------+

Top non-repeatable levels by time:
     D:1: 1454 daAuts
     D:2: 8 daAuts
